 Dungeon Crawl Stone Soup version 0.20-a0-350-ga83eecc (webtiles) character file.

1655 TheGoonsmith the Skirmisher (level 9, -7/104 (105) HPs)
             Began as an Ogre Wizard on Dec 25, 2016.
             Was a Believer of Dithmenos.
             Mangled by an orc warrior
             ... wielding a +0 hand axe
              (11 damage)
             ... on level 7 of the Dungeon.
             The game lasted 00:13:12 (7462 turns).

TheGoonsmith the Skirmisher (Ogre Wizard)           Turns: 7462, Time: 00:13:17

HP:   -7/104 (105)  AC:  5    Str: 13      XL:     9   Next: 0%
MP:   7/15          EV: 10    Int: 20 (21) God:    Dithmenos [**....]
Gold: 224           SH:  0    Dex:  8      Spells: 8/16 levels left

rFire  . . .     SeeInvis .     z - +1 war axe (vamp)
rCold  + . .     Gourm    .     a - +0 robe
rNeg   . . .     Faith    .     (no shield)
rPois  .         Spirit   .     b - +0 hat
rElec  .         Reflect  .     x - +0 cloak
rCorr  .         Harm     .     (gloves unavailable)
MR     .....     Clarity  +     (boots unavailable)
Stlth  ++........               (no amulet)
                                (no ring)
                                (no ring)

@: very slightly contaminated, wreathed by umbra, repel missiles, invisible
A: unfitting armour, rugged brown scales 1, clarity, cold resistance 1,
deterioration 1, robust 1, tough skin 1, subdued magic 1
a: Shadow Step, Renounce Religion


You were on level 7 of the Dungeon.
You worshipped Dithmenos.
Dithmenos was pleased with you.
You were full.

You visited 1 branch of the dungeon, and saw 7 of its levels.

You collected 322 gold pieces.
You spent 98 gold pieces at shops.

Inventory:

Hand Weapons
 i - a +0 club
 r - a -3 trident
 z - a +1 vampiric war axe (weapon)
 D - a +1 mace of protection
 N - a +1 dagger of venom
Missiles
 n - 2 tomahawks (quivered)
Armour
 a - a +0 robe (worn)
 b - a +0 hat (worn)
 x - a +0 cloak (worn)
Jewellery
 e - an uncursed ring of ice
 w - an uncursed ring of ice
 M - an uncursed amulet of magic regeneration {unknown}
Wands
 L - a wand of flame (8/48)
Scrolls
 f - a scroll of magic mapping
 o - 4 scrolls of remove curse
 q - 3 scrolls of identify
 s - a scroll of recharging {unknown}
 t - 2 scrolls of fog {unknown}
 y - 2 scrolls of teleportation
 A - a scroll of enchant armour {unknown}
 E - a scroll of summoning {unknown}
 F - a scroll of torment {unknown}
 I - a scroll of amnesia {unknown}
 K - 2 scrolls of enchant weapon {unknown}
Potions
 g - a potion of cure mutation {unknown}
 h - 2 potions of brilliance {unknown}
 k - a potion of berserk rage {unknown}
 l - 2 potions of heal wounds {unknown}
 m - 3 potions of curing
 u - a potion of degeneration {unknown}
 v - 2 potions of agility {unknown}
 C - a potion of cancellation {unknown}
 G - a potion of haste {unknown}
Books
 c - a book of Minor Magic

   Spells                             Type                      Level
   a - Magic Dart                     Conjuration                  1
   b - Blink                          Translocation                2
   c - Call Imp                       Summoning                    2
   d - Repel Missiles                 Charms/Air                   2
   e - Slow                           Hexes                        2
   f - Conjure Flame                  Conjuration/Fire             3
   g - Mephitic Cloud                 Conjuration/Poison/Air       3
Comestibles
 d - 4 bread rations
 p - 2 beef jerkies
 H - 2 fruits
 J - 2 royal jellies


   Skills:
 + Level 7.5 Fighting
 - Level 1.7 Dodging
 - Level 1.4 Stealth
 - Level 4.0 Spellcasting
 - Level 6.2 Conjurations
 - Level 3.0 Charms
   Level 0.8 Summonings
 - Level 3.1 Translocations
 - Level 3.1 Air Magic
 * Level 0.0 Poison Magic


You had 8 spell levels left.
You knew the following spells:

 Your Spells              Type           Power        Failure   Level  Hunger
a - Magic Dart            Conj           ###.         1%          1    None
e - Blink                 Tloc           N/A          4%          2    #......
r - Repel Missiles        Chrm/Air       ##....       4%          2    #......
x - Mephitic Cloud        Conj/Pois/Air  ##......     10%         3    ###....


Dungeon Overview and Level Annotations

Branches:
Dungeon (7/15)             Temple (0/1) D:5

Altars:
Dithmenos
Gozag
Hepliaklqana
Qazlal

Shops:
D:5 *

Annotations:
D:7 Prince Ribbit


Innate Abilities, Weirdness & Mutations

You are too large for most types of armour.
You have tough skin. (AC +1)
You are partially covered in rugged brown scales. (AC +1, +3% HP)
You possess an exceptional clarity of mind.
Your flesh is cold resistant. (rC+)
Your body sometimes deteriorates upon taking damage.
You are robust. (+10% HP)
Your spells are a little easier to cast, but a little less powerful.


Message History

The ball explodes into a vile cloud!
The stinking cloud engulfs you!
The stinking cloud engulfs the crimson imp.
The crimson imp appears unharmed.
The stinking cloud engulfs the orc warrior.
The stinking cloud engulfs Prince Ribbit.
Prince Ribbit is moderately wounded.
The stinking cloud engulfs the orc.
You are engulfed in noxious fumes.
You hear a screech!
The crimson imp barely misses you. The orc misses you. Prince Ribbit hits you!
* * * LOW HITPOINT WARNING * * *
The orc warrior hits you but does no damage.
Unknown command.
You fade into invisibility!
You choke on the stench!
You feel momentarily confused.
* * * LOW HITPOINT WARNING * * *
Prince Ribbit hits you!
* * * LOW HITPOINT WARNING * * *
The crimson imp barely misses you. The orc closely misses you.
The orc warrior hits you with a hand axe!
You die...

# .## ..#
#?# #(##
#§F# #@5#
#oo......
#..######
...# ....
...###
....
.....


You could see Prince Ribbit, an orc warrior, a crimson imp and an orc.

Vanquished Creatures
  A black bear (D:5)
  An ice beast (D:5)
  A necrophage (D:6)
  A sky beast (D:5)
  An orc warrior (D:6)
  A phantom (D:5)
  4 ogres
  2 scorpions (D:6)
  4 crimson imps
  A quasit (D:6)
  An orc priest (D:6)
  A hound (D:4)
  3 iguanas
  4 worker ants
  A killer bee zombie (D:5)
  A hound zombie (D:6)
  A hound skeleton (D:5)
  9 adders
  A shadow imp (D:6)
  4 oozes
  2 adder skeletons (D:4)
  8 worms
  2 dart slugs (D:1)
  4 leopard geckos
  12 orcs
  7 bats
  2 giant cockroaches
  6 hobgoblins
  8 jackals
  3 ball pythons
  2 goblins
  4 kobolds
  A quokka skeleton (D:6)
  8 rats
112 creatures vanquished.

Vanquished Creatures (collateral kills)
  A ball python (D:6)
1 creature vanquished.

Grand Total: 113 creatures vanquished

Notes
Turn   | Place    | Note
-------+----------+-------------------------------------------
     0 | D:1      | TheGoonsmith the Ogre Wizard began the quest for the Orb.
     0 | D:1      | Reached XP level 1. HP: 16/16 MP: 5/5
    34 | D:1      | Reached skill level 1 in Conjurations
   159 | D:1      | Reached XP level 2. HP: 19/24 MP: 3/6
   844 | D:1      | Reached XP level 3. HP: 32/32 MP: 4/8
  1002 | D:1      | Reached skill level 1 in Fighting
  1984 | D:2      | Reached XP level 4. HP: 42/42 MP: 7/10
  2092 | D:2      | Reached skill level 2 in Fighting
  2713 | D:3      | Found a shadowy altar of Dithmenos.
  2738 | D:3      | Became a worshipper of Dithmenos the Shadowed
  3271 | D:3      | Reached XP level 5. HP: 49/50 MP: 3/11
  3660 | D:3      | Reached skill level 3 in Fighting
  3699 | D:3      | Learned a level 2 spell: Blink
  3702 | D:3      | Learned a level 2 spell: Repel Missiles
  3706 | D:3      | Learned a level 3 spell: Mephitic Cloud
  4175 | D:4      | Reached XP level 6. HP: 57/62 MP: 5/12
  4319 | D:4      | Reached * piety under Dithmenos
  4444 | D:4      | Reached skill level 4 in Fighting
  4681 | D:5      | Entered Level 5 of the Dungeon
  4681 | D:5      | Noticed a sky beast
  4696 | D:5      | Killed a sky beast
  4696 | D:5      | Reached skill level 5 in Conjurations
  4775 | D:5      | Gained mutation: Your flesh is cold resistant. (rC+) [mutagenic meat]
  4776 | D:5      | Gained mutation: You are partially covered in rugged brown scales. (AC +1, +3% HP) [mutagenic meat]
  4777 | D:5      | Gained mutation: You are robust. (+10% HP) [mutagenic meat]
  4778 | D:5      | Gained mutation: You possess an exceptional clarity of mind. [mutagenic meat]
  4779 | D:5      | Gained mutation: Your spells are a little easier to cast, but a little less powerful. [mutagenic meat]
  4780 | D:5      | Gained mutation: Your body sometimes deteriorates upon taking damage. [mutagenic meat]
  4901 | D:5      | Reached XP level 7. HP: 76/80 MP: 3/13
  5083 | D:5      | Reached skill level 5 in Fighting
  5293 | D:5      | Found a staircase to the Ecumenical Temple.
  5370 | D:5      | Found Yzycwy's Assorted Antiques.
  5380 | D:5      | Bought a scroll labeled HIEBBOCSITZ for 34 gold pieces
  5380 | D:5      | Bought a scroll labeled REHYQI CUEMOIH for 34 gold pieces
  5380 | D:5      | Bought a sedimented amethyst potion for 30 gold pieces
  5535 | D:5      | Reached skill level 6 in Fighting
  5535 | D:5      | Reached skill level 1 in Translocations
  5648 | D:5      | Reached XP level 8. HP: 90/93 MP: 1/14
  6122 | D:6      | Reached skill level 1 in Charms
  6215 | D:6      | Found an opulent altar of Gozag.
  6230 | D:6      | Reached skill level 1 in Air Magic
  6239 | D:6      | Found a hazy altar of Hepliaklqana.
  6321 | D:6      | Reached skill level 7 in Fighting
  6520 | D:6      | Found a stormy altar of Qazlal.
  7169 | D:6      | Reached ** piety under Dithmenos
  7175 | D:6      | Reached XP level 9. HP: 103/104 MP: 1/15
  7393 | D:7      | Noticed Prince Ribbit
  7462 | D:7      | HP: 4/104 [Prince Ribbit (7)]
  7462 | D:7      | Mangled by an orc warrior

Vault maps used:
D:1:      sevenhm_arrival_forest_fort_large_2
D:2:      first_bread
D:3:      grunt_dithmenos_smoke
D:5:      black_bear_nest_2, serial_shops, shop, serial_park_tiny_1
D:6:      overflow_temple_1_default, basic_altar,
          nicolae_gozag_cash_rules_everything_around_me
D:7:      kennysheep_little_box, cheibrodos_ashenzari_chains, serial_shops,
          shop_statue, uniq_prince_ribbit1

Skill      XL: |  1  2  3  4  5  6  7  8 |
---------------+-------------------------+-----
Conjurations   | 1 2 3 4 5 6 |  6.2
Spellcasting   | 4 |  4.0
Fighting       | 1 2 3 4 6 7 |  7.5
Translocations | 1 3 |  3.1
Charms         | 3 |  3.0
Air Magic      | 3 |  3.1
Dodging        | |  1.7
Stealth        | |  1.4
Summonings     | |  0.8

Action                   |  1- 3 |  4- 6 |  7- 9 || total
-------------------------+-------+-------+-------++-------
Melee: Unarmed           |     1 |       |       ||     1
       Trident           |       |    17 |       ||    17
       Club              |       |     6 |       ||     6
       Mace              |       |       |    60 ||    60
       Dagger            |       |       |    32 ||    32
 Cast: Magic Dart        |    94 |   180 |   187 ||   461
       Mephitic Cloud    |       |       |    15 ||    15
       Repel Missiles    |       |       |     1 ||     1
  Use: Potion            |     2 |       |     1 ||     3
       Scroll            |     2 |     1 |     2 ||     5
 Stab: Confused          |       |       |     1 ||     1
  Eat: Chunk             |     3 |    14 |     7 ||    24
       Pizza             |       |       |     1 ||     1
       Meat ration       |       |       |     2 ||     2
Armor: Skin              |     3 |       |       ||     3
       Robe              |     4 |    19 |    42 ||    65
Dodge: Dodged            |    13 |    26 |    93 ||   132
       Deflected         |       |       |     3 ||     3
